 Dungeon Crawl Stone Soup version 0.26-a0-1161-g0398aca569 (webtiles) character file.

Game seed: 8787434386186371220

1532515 EnegeticOcto the Archmage (level 27, 231/231 HPs)
             Began as a Mummy Conjurer on Dec 26, 2020.
             Was the Champion of Ru.
             Escaped with the Orb
             ... and 3 runes!
             The game lasted 03:29:01 (87641 turns).

EnegeticOcto the Archmage (Mummy Conjurer)         Turns: 87641, Time: 03:29:02

Health: 231/231    AC: 34    Str:  6    XL:     27
Magic:  63/63      EV:  9    Int: 35    God:    Ru [******]
Gold:   886        SH: 28    Dex: 20    Spells: 36/80 levels left

rFire    + + .     SeeInvis +   B - +3 Elemental Staff {rElec rF++ rC++ Will++ AC+5}
rCold    + + +     Faith    .   w - +8 tower shield {AC+3}
rNeg     + + +     Spirit   .   r - +7 faerie dragon scales {rPois rCorr Dex+4 Slay+3}
rPois    ∞         Reflect  .   q - +0 hat of Geinul {rF++ rN+ Str-5}
rElec    +         Harm     .   f - +2 cloak {Will+}
rCorr    +         Rampage  .   u - +2 pair of gloves
Will     +++++                  c - +2 pair of boots
Stlth    ..........             y - amulet of Lilacs {RegenMP Int+7}
HPRegen  0.48/turn              d - ring of magical power
MPRegen  0.63/turn              D - ring of Hederham {rC+ Dex+4 SInv}

@: no status effects
A: no potions, fire vulnerability, cold resistance 1, negative energy resistance
3, torment resistance, unbreathing, no stealth, inability to use devices,
inability to train dodging, in touch with death 2, temperature sensitive
0: Orb of Zot
}: 3/15 runes: decaying, serpentine, slimy
a: Renounce Religion, Draw Out Power, Power Leap, Apocalypse


You escaped.
You worshipped Ru.
Ru was exalted by your worship.
You visited 11 branches of the dungeon, and saw 54 of its levels.
You visited 1 bazaar.
You also visited: Trove, Ossuary, Bailey, Ice Cave and Wizlab.

You collected 6216 gold pieces.
You spent 5330 gold pieces at shops.

Inventory:

Hand Weapons
 B - the +3 Elemental Staff (weapon) {rElec rF++ rC++ Will++ AC+5}
   (You found it in a treasure trove)

   It affects your AC (+5).
   It greatly protects you from fire.
   It greatly protects you from cold.
   It insulates you from electricity.
   It affects your willpower, your defense against some magical effects.
Missiles
 m - 14 curare-tipped darts (quivered)
 t - 7 throwing nets {!f}
Armour
 c - a +2 pair of boots (worn)
   (You found it on level 3 of the Snake Pit)
 e - a +2 pair of boots of flying
   (You bought it in a shop on level 1 of the Snake Pit)
 f - a +2 cloak of willpower (worn)
   (You found it on level 1 of the Dungeon)
 q - the +0 hat of Geinul (worn) {rF++ rN+ Str-5}
   (You found it in an ice cave)

   It affects your strength (-5).
   It greatly protects you from fire.
   It protects you from negative energy.
 r - the +7 faerie dragon scales (worn) {rPois rCorr Dex+4 Slay+3}
   (You took it off the Enchantress on level 1 of the Depths)

   It affects your dexterity (+4).
   It affects your accuracy and damage with ranged weapons and melee attacks
   (+3).
   It protects you from poison.
   It provides partial protection from all sources of acid and corrosion.
 u - a +2 pair of gloves (worn)
   (You found it on level 5 of the Dungeon)
 w - a +8 tower shield of protection (worn)
   (You found it in a bailey)
Jewellery
 d - a ring of magical power (left hand)
   (You found it on level 11 of the Dungeon)
 l - an uncursed ring of wizardry
   (You found it on level 8 of the Dungeon)
 y - the amulet of Lilacs (around neck) {RegenMP Int+7}
   (You found it on level 2 of the Snake Pit)

   [amulet of magic regeneration]

   It increases your magic regeneration.
   It affects your intelligence (+7).
 D - the ring of Hederham (right hand) {rC+ Dex+4 SInv}
   (You acquired it on level 1 of the Snake Pit)

   [ring of see invisible]

   It affects your dexterity (+4).
   It protects you from cold.
   It lets you see invisible.
Scrolls
 a - 3 scrolls of holy word
 b - 19 scrolls of teleportation {@r3 !r}
 h - 12 scrolls of fog {!r}
 i - 4 scrolls of amnesia
 j - 26 scrolls of identify {@r1}
 n - 16 scrolls of fear {!r}
 o - 24 scrolls of remove curse {@r2}
 p - 4 scrolls of blinking {@r4}
 s - 4 scrolls of immolation
 v - 4 scrolls of vulnerability
 x - a scroll of summoning
 z - 4 scrolls of enchant armour


   Skills:
 + Level 22.2 Fighting
 - Level 10.0 Armour
 - Level 20.0 Shields
 O Level 27 Spellcasting
 - Level 14.0 Conjurations
 - Level 8.0 Hexes
 - Level 11.7 Necromancy
 - Level 5.0 Translocations
 - Level 6.0 Transmutations
 - Level 4.0 Fire Magic
 - Level 12.0 Earth Magic


You had 36 spell levels left.
You knew the following spells:

 Your Spells              Type           Power        Failure   Level
a - Iron Shot             Conj/Erth      59%          1%          6
b - Bolt of Magma         Conj/Fire/Erth 66%          1%          5
c - Fulminant Prism       Conj/Hex       45%          1%          4
d - Irradiate             Conj/Tmut      43%          1%          5
e - Dazzling Flash        Conj/Hex       100%         1%          3
f - Apportation           Tloc           100%         1%          1
g - Dispel Undead         Necr           100%         1%          4
h - Yara's Violent Unrav  Hex/Tmut       38%          2%          5
p - Passwall              Tmut/Erth      87%          1%          2
z - Iskenderun's Mystic   Conj/Tloc      85%          1%          4
M - Borgnjor's Vile Clut  Necr/Erth      82%          1%          5

Your spell library contained the following spells:

 Spells                   Type           Power        Failure   Level
 Animate Skeleton         Necr           100%         0%          1
 Magic Dart               Conj           100%         0%          1
 Sandblast                Erth           100%         0%          1
 Searing Ray              Conj           100%         0%          2
 Corona                   Hex            88%          1%          1
 Foxfire                  Conj/Fire      100%         1%          1
 Freeze                   Ice            100%         1%          1
 Sting                    Tmut/Pois      100%         1%          1
 Summon Small Mammal      Summ           100%         1%          1
 Corpse Rot               Necr/Air       N/A          1%          2
 Ensorcelled Hibernation  Hex/Ice        100%         1%          2
 Slow                     Hex            80%          1%          2
 Confusing Touch          Hex            80%          1%          3
 Conjure Flame            Conj/Fire      100%         1%          3
 Gell's Gravitas          Tloc           35%          1%          3
 Inner Flame              Hex/Fire       93%          1%          3
 Lesser Beckoning         Tloc           35%          1%          3
 Mephitic Cloud           Conj/Pois/Air  88%          1%          3
 Portal Projectile        Hex/Tloc       100%         1%          3
 Static Discharge         Conj/Air       97%          1%          3
 Stone Arrow              Conj/Erth      100%         1%          3
 Summon Guardian Golem    Hex/Summ       66%          1%          3
 Tukima's Dance           Hex            80%          1%          3
 Animate Dead             Necr           69%          1%          4
 Cause Fear               Hex            40%          1%          4
 Hailstorm                Conj/Ice       97%          1%          4
 Leda's Liquefaction      Hex/Erth       54%          1%          4
 Petrify                  Tmut/Erth      100%         1%          4
 Sticky Flame             Conj/Fire      100%         1%          4
 Agony                    Necr           100%         1%          5
 Excruciating Wounds      Necr           69%          1%          5
 Fireball                 Conj/Fire      52%          1%          5
 Iskenderun's Battlesphe  Conj           98%          1%          5
 Death Channel            Necr           69%          1%          6
 Call Imp                 Summ           47%          2%          2
 Poisonous Vapours        Pois/Air       100%         2%          2
 Lightning Bolt           Conj/Air       48%          2%          5
 Orb of Destruction       Conj           49%          3%          7
 Call Canine Familiar     Summ           47%          4%          3
 Frozen Ramparts          Ice            100%         4%          3
 Ozocubu's Armour         Ice            63%          4%          3
 Starburst                Conj/Fire      52%          5%          6
 Metabolic Englaciation   Hex/Ice        42%          8%          5
 Silence                  Hex/Air        42%          8%          5
 Invisibility             Hex            80%          9%          6
 Alistair's Intoxication  Tmut/Pois      41%          12%         5
 Conjure Ball Lightning   Conj/Air       48%          12%         6
 Summon Ice Beast         Ice/Summ       63%          14%         4
 Summon Lightning Spire   Summ/Air       63%          14%         4
 Summon Forest            Summ/Tloc      29%          14%         5
 Simulacrum               Ice/Necr       69%          21%         6
 Dispersal                Tloc           35%          28%         6
 Freezing Cloud           Conj/Ice/Air   55%          32%         6
 Spellforged Servitor     Conj/Summ      38%          56%         7
 Ozocubu's Refrigeration  Ice            31%          91%         6
 Discord                  Hex            40%          98%         8
 Malign Gateway           Summ/Tloc      29%          99%         7
 Chain Lightning          Conj/Air       48%          99%         8
 Disjunction              Tloc           35%          100%        8
 Ignition                 Fire           42%          100%        8
 Dragon's Call            Summ           23%          100%        9
 Shatter                  Erth           57%          100%        9
 Tornado                  Air            31%          100%        9
 Beastly Appendage        Tmut           Unusable     N/A         1
 Sublimation of Blood     Necr           Unusable     N/A         2
 Wereblood                Tmut           Unusable     N/A         2
 Spider Form              Tmut/Pois      Unusable     N/A         3
 Blade Hands              Tmut           Unusable     N/A         5
 Ice Form                 Ice/Tmut       Unusable     N/A         4
 Statue Form              Tmut/Erth      Unusable     N/A         6
 Hydra Form               Tmut           Unusable     N/A         6
 Dragon Form              Tmut           Unusable     N/A         7

Dungeon Overview and Level Annotations

Branches:
Dungeon (15/15)            Temple (1/1) D:6            Lair (6/6) D:11
  Swamp (4/4) Lair:2        Snake (4/4) Lair:4        Slime (5/5) Lair:5
    Orc (2/2) D:12            Elf (3/3) Orc:2        Vaults (4/5) D:13
  Crypt (0/3) Vaults:3     Depths (5/5) D:15            Zot (5/5) Depths:5
Ossuary (visited)          Bailey (visited)           IceCv (visited)
 WizLab (visited)

Altars:
Ashenzari
Cheibriados
Dithmenos
Elyvilon
Fedhas
Gozag
Hepliaklqana
Makhleb
Nemelex Xobeh
Ru
Sif Muna
Trog
Uskayaw
Vehumet
Wu Jian
Xom
Yredelemnul
Zin
The Shining One
Beogh
Jiyva

Shops:
D:5 (   D:7 (   Orc:2 }:}:   Elf:2 !   Snake:1 *?[(   Snake:2 (   Snake:4 *
Vaults:3 [   Depths:1 =}=   Depths:3 (?

Portals:
Hell: Depths:1 Depths:2 Depths:3
Abyss: Depths:3
Pandemonium: Depths:1 Depths:2 Depths:3
Ziggurat: Depths:1

Annotations:
Lair:1 3 runed translucent doors, thewurscht's ghost, journeyman DrTm
Lair:4 3 runed translucent doors, Belaica's ghost, journeyman HOFE
Elf:2 5 runed translucent doors
Depths:1 2 exclusions


Innate Abilities, Weirdness & Mutations

You do not drink.
Your flesh is vulnerable to fire.
You are immune to poison.
Your flesh is cold resistant. (rC+)
You are immune to negative energy. (rN+++)
You are immune to unholy pain and torment.
You can survive without breathing.
You cannot be stealthy.
You cannot study or use magical devices.
You cannot train Dodging skill.
You are strongly in touch with the powers of death.
You are sensitive to extremes of temperature. (rF-, rC-)


Message History

Casting: Iron Shot (mildly dangerous; 1% risk of failure)
Confirm with . or Enter, or press ? or * to list all spells.
Aiming: Iron Shot (mildly dangerous; 1% risk of failure)
Press: ? - help, Shift-Dir - straight line, f/p - Plog
Aim: Plog (severely wounded, constricted by zombie hands, 0% to evade)
You feel a surge of power!
The iron shot hits Plog!!
Plog is almost dead.
The zombie hands constrict Plog.
Plog struggles to escape constriction.
Casting: Iron Shot (mildly dangerous; 1% risk of failure)
Confirm with . or Enter, or press ? or * to list all spells.
Aiming: Iron Shot (mildly dangerous; 1% risk of failure)
Press: ? - help, Shift-Dir - straight line, f/p - Plog
Aim: Plog (almost dead, constricted by zombie hands, 0% to evade)
You feel a surge of power!
The iron shot hits Plog!!!
You kill Plog!
(D) Dungeon (T) Temple (L) Lair (S) Swamp (P) Snake Pit (M) Slime Pits (O) Orcish Mines (E) Elven Halls (V) Vaults (C) Crypt (U) Depths (H) Hell (Z) Zot
Where to? (Enter - D:1 @ (x,y), ? - help)
A ynoxinul comes into view.
An angel comes into view. It is wielding a +3 whip of holy wrath.
The angel shouts!
Casting: Iron Shot (mildly dangerous; 1% risk of failure)
Confirm with . or Enter, or press ? or * to list all spells.
Aiming: Borgnjor's Vile Clutch (mildly dangerous; 1% risk of failure)
Press: ? - help, Shift-Dir - straight line, f - angel
Aim: an angel, wielding a +3 whip of holy wrath and wearing a +0 robe (haloed, 0% to evade)
You feel a huge surge of power!
Zombie hands grab the angel.
The zombie hands constrict the angel!
The angel struggles to escape constriction.
The ynoxinul gestures.
The angel struggles to escape constriction.
Casting: Borgnjor's Vile Clutch (mildly dangerous; 1% risk of failure)
Confirm with . or Enter, or press ? or * to list all spells.
Aiming: Iron Shot (mildly dangerous; 1% risk of failure)
Press: ? - help, Shift-Dir - straight line, f/p - angel
Aim: an angel, wielding a +3 whip of holy wrath and wearing a +0 robe (lightly wounded, constricted by zombie hands, haloed, 4% to evade)
You feel a surge of power!
The iron shot hits the angel!!!
The angel is heavily wounded.
The zombie hands constrict the angel!
The angel struggles to escape constriction.
Casting: Iron Shot (mildly dangerous; 1% risk of failure)
Confirm with . or Enter, or press ? or * to list all spells.
Aiming: Iron Shot (mildly dangerous; 1% risk of failure)
Press: ? - help, Shift-Dir - straight line, f/p - angel
Aim: an angel, wielding a +3 whip of holy wrath and wearing a +0 robe (severely wounded, constricted by zombie hands, haloed, 4% to evade)
You feel a surge of power!
The iron shot hits the angel!!!
You kill the angel!
You redirect the ynoxinul's attack!
The ynoxinul gestures.
The ufetubus shouts!
You block the ufetubus's attack. x2
You closely miss the ufetubus. You block the ufetubus's attack. x3
The ufetubus barely misses you.
Casting: Iron Shot (mildly dangerous; 1% risk of failure)
Confirm with . or Enter, or press ? or * to list all spells.
Aiming: Borgnjor's Vile Clutch (mildly dangerous; 1% risk of failure)
Press: ? - help, Shift-Dir - straight line, f - ufetubus
Aim: an ufetubus (summoned, 0% to evade)
You feel a huge surge of power!
Zombie hands grab the ufetubus. x2; Zombie hands grab the ynoxinul.
Zombie hands grab the ufetubus.
The zombie hands constrict the ynoxinul!
The zombie hands constrict the ufetubus.
You kill the ufetubus!
The zombie hands constrict the ufetubus.
You kill the ufetubus!
The zombie hands constrict the ufetubus!
You kill the ufetubus!
You redirect the ynoxinul's attack!
Casting: Borgnjor's Vile Clutch (mildly dangerous; 1% risk of failure)
Confirm with . or Enter, or press ? or * to list all spells.
Aiming: Bolt of Magma (mildly dangerous; 1% risk of failure)
Press: ? - help, Shift-Dir - straight line, f - ufetubus
Aim: an ufetubus (summoned, 37% to evade)
You feel a strong surge of power!
The bolt of magma hits the ufetubus!!!!
The ufetubus is burned terribly!
You kill the ufetubus!
The bolt of magma hits the ynoxinul!!!
You kill the ynoxinul!
(D) Dungeon (T) Temple (L) Lair (S) Swamp (P) Snake Pit (M) Slime Pits (O) Orcish Mines (E) Elven Halls (V) Vaults (C) Crypt (U) Depths (H) Hell (Z) Zot
Where to? (Enter - D:1 @ (x,y), ? - help)
There is an open door here.
There is a stone staircase leading up here.
You climb upwards.
There is a stone staircase leading down here.
There is a stone staircase leading up here.
You climb upwards.
There is a stone staircase leading down here.
You enter the shallow water.
Moving in this stuff is going to be slow.
Magic restored.
There is a large open door here.
There is a staircase leading out of the dungeon here.
You have escaped!

#....#############..#.####..
#....########### #..#.####..
#....##........###..#.##....
#.####..##''##......#.##[#..
#..#...##≈..≈##.............
##...####≈≈≈≈####...........
#..##############...###†##>
#†####≈≈≈≈≈≈≈≈####..# #.##.
#.# #≈≈≈..@.≈≈≈# #..###.##.
#.# #..........# #......##.
##.# #'##....##'# #.#######.
##.(###..##''##..###..## #.
##..###⌠..#....#..⌠###..#####.
#..########....########..#....
#.###≈≈≈..........≈≈≈###...###
#.#≈≈≈≈...#........≈≈≈≈#...#
#.≈≈≈≈........≈##...≈≈≈≈...#


There were no monsters in sight!

Vanquished Creatures
  the Royal Jelly (Slime:5)
  8 ancient liches (Zot:5)
  3 orbs of fire
  2 pandemonium lords
  Mara (Depths:4)
  Bai Suzhen (Swamp:3)
  Saint Roka (Snake:4)
  A curse toe (Zot:4)
  3 Killer Klowns (Zot:5)
  the Lernaean hydra (Swamp:4)
  5 golden dragons
  the Enchantress (Depths:1)
  A Tzitzimitl (D:13)
  2 electric golems (Zot:5)
  11 tentacled monstrosities
  A Cloud Mage (WizLab)
  An Ice Fiend (IceCv)
  25 Orb Guardians
  5 liches
  A titan (Depths:2)
  2 deep elf blademasters (Elf:3)
  2 deep elf master archers (Elf:3)
  16 acid blobs
  3 quicksilver dragons (Zot:5)
  A sphinx (Vaults:2)
  3 death cobs
  Frances (D:13)
  Kirke (D:13)
  8 shadow dragons
  9 storm dragons
  2 thorn hunters
  5 tengu reavers
  3 draconian monks
  7 fire giants
  4 draconian scorchers
  11 azure jellies
  9 nagarajas
  3 deep elf sorcerers
  3 ghost moths
  6 draconian knights
  Louise (Snake:2)
  9 frost giants
  3 iron dragons
  10 vault wardens
  A balrug (Depths:3)
  6 draconian shifters
  3 draconian stormcallers
  4 draconian annihilators
  9 spriggan defenders
  An angel (D:3)
  5 deep elf elementalists (Elf:3)
  A caustic shrike skeleton (Depths:1)
  14 ironheart preservers
  A reaper (Depths:3)
  17 very ugly things
  5 green draconians
  26 stone giants
  7 vampire knights
  4 black draconians
  9 bunyips
  Azrael (D:13)
  10 deep elf annihilators
  6 purple draconians
  4 yellow draconians
  7 deep elf demonologists
  An entropy weaver (Vaults:3)
  15 dire elephants
  4 white draconians
  5 red draconians
  7 deep elf death magi
  14 ettins
  10 spark wasps
  2 blizzard demons (WizLab)
  Snorg (D:14)
  A merfolk javelineer (Depths:1)
  6 eleionomae
  8 yaktaur captains
  7 death oozes (Slime:5)
  12 fire dragons
  5 deep elf high priests
  12 great orbs of eyes
  9 ogre magi
  15 ice dragons
  Erolcha (Orc:2)
  Fannar (D:12)
  20 hydras
  9 spriggan air magi
  2 catoblepae
  15 vault guards
  A hell beast (Depths:1)
  6 boulder beetles
  21 naga warriors
  A ghost crab (WizLab)
  5 rakshasas
  15 anacondas
  15 centaur warriors
  9 deep troll shamans
  7 dancing weapons
  2 vampire magi
  A titan zombie (Vaults:3)
  8 death yaks
  32 two-headed ogres
  11 naga sharpshooters
  A death knight (Vaults:2)
  9 alligators
  14 deep troll earth magi
  6 tengu warriors
  6 spriggan berserkers
  14 shock serpents
  14 deep elf knights
  A sun demon (Depths:3)
  A shadow wraith (Vaults:4)
  2 sixfirhies (Depths:1)
  A golden dragon zombie (Depths:2)
  5 salamander mystics (Snake:4)
  A fire crab (shapeshifter) (Depths:3)
  13 hell knights
  2 death drakes (WizLab)
  A storm dragon skeleton (Vaults:3)
  3 unseen horrors
  2 spriggan druids
  4 goliath frogs
  12 skeletal warriors
  5 wizards
  The ghost of qipq the Spear-Bearer, a novice OpFi of Gozag (D:9)
  6 flayed ghosts
  44 deep trolls
  A shadow demon (Depths:1)
  5 glowing orange brains
  9 naga ritualists
  5 bog bodies
  13 orc knights
  14 deep elf archers
  11 swamp dragons
  A phantasmal warrior (Vaults:4)
  5 lindwurms
  2 harpies (shapeshifter)
  5 harpies
  5 necromancers
  An oklob plant (Lair:6)
  A tengu skeleton (Vaults:4)
  3 will-o-the-wisps
  4 orc sorcerers
  56 ugly things
  A shadow dragon skeleton (Vaults:3)
  5 cyclopes
  56 deep elf magi
  16 ironbrand convokers
  2 stone giant zombies (Vaults:4)
  9 salamanders
  4 wolf spiders
  18 mana vipers
  2 manticores
  6 shining eyes
  5 human skeletons
  2 elephants (Lair:6)
  A black mamba (shapeshifter) (Vaults:3)
  28 naga magi
  A spriggan zombie (Depths:2)
  A torpor snail (shapeshifter) (Vaults:2)
  13 moths of wrath
  48 black mambas
  3 apocalypse crabs (WizLab)
  6 guardian serpents
  An eye of devastation (Slime:3)
  2 fire giant skeletons (Depths:1)
  Joseph (Lair:1)
  3 gargoyles (D:13)
  A smoke demon (Depths:1)
  3 torpor snails
  17 vault sentinels
  A stone giant skeleton (Vaults:3)
  13 cane toads
  A spriggan skeleton (Depths:2)
  A kobold demonologist (D:14)
  An efreet (D:13)
  3 rime drakes
  A centaur skeleton (D:14)
  9 komodo dragons
  2 rime drakes (shapeshifter)
  An elf (Vaults:1)
  34 yaktaurs
  A hellion (Depths:3)
  A spark wasp simulacrum (Depths:2)
  A yaktaur skeleton (Vaults:3)
  7 freezing wraiths
  6 tengu conjurers
  6 ice devils (IceCv)
  An anaconda simulacrum (IceCv)
  A hellwing (Depths:3)
  A queen bee (shapeshifter) (Depths:3)
  8 trolls
  5 polar bears (Lair:6)
  9 tyrant leeches
  5 red devils
  2 bloated husks
  20 hornets
  4 wind drakes (WizLab)
  2 meliai (shapeshifter)
  111 slime creatures
  A meliai zombie (D:13)
  2 blink frogs (shapeshifter)
  6 dream sheep (Lair:6)
  22 blink frogs
  4 redbacks (Vaults:3)
  A vampire (D:9)
  2 ettin skeletons
  2 ynoxinuls
  26 spriggans
  3 centaur simulacra
  14 air elementals
  A tarantella (shapeshifter) (Depths:2)
  5 wraiths
  47 yaks
  5 dire elephant simulacra (IceCv)
  7 fire elementals
  14 wyverns
  12 water elementals
  7 basilisks
  A yak (shapeshifter) (D:15)
  A golden eye (shapeshifter) (Depths:4)
  3 hogs (shapeshifter)
  4 golden eyes (Slime:3)
  3 chaos spawn
  A steam dragon (D:7)
  4 hogs (D:13)
  2 humans (Vaults:1)
  A death yak simulacrum (IceCv)
  11 vampire mosquitoes
  3 harpy simulacra (IceCv)
  2 human simulacra (Vaults:3)
  32 nagas
  15 swamp worms
  4 wargs
  3 acid dragons
  An iron troll simulacrum (IceCv)
  12 water moccasins
  3 hydra simulacra (IceCv)
  2 hell hounds
  A floating eye (Depths:3)
  8 swamp drakes
  A black bear (shapeshifter) (Vaults:4)
  8 ice beasts
  3 sky beasts
  53 orc warriors
  5 black bears
  An ettin simulacrum (IceCv)
  2 necrophages
  2 eyes of draining
  An alligator simulacrum (IceCv)
  2 phantoms
  19 boggarts
  33 wolves
  26 ogres
  53 centaurs
  4 big kobolds
  A big kobold (shapeshifter) (Vaults:4)
  Blork the orc (D:4)
  A human zombie (Vaults:3)
  14 bullfrogs
  2 gnoll sergeants
  A wyvern zombie (D:12)
  2 earth elementals
  4 scorpions
  A wyvern skeleton (D:13)
  A water moccasin skeleton (D:7)
  16 killer bees
  9 wights
  6 howler monkeys
  An electric eel (Lair:4)
  3 crimson imps (Depths:1)
  3 draconian simulacra (IceCv)
  A quasit (D:12)
  A bullfrog zombie (D:6)
  4 centaur zombies
  6 jellies
  4 hounds
  A bullfrog skeleton (D:11)
  17 orc priests
  2 iron imps (Depths:1)
  3 iguanas
  8 hell rats
  14 worker ants
  20 orc wizards
  2 polar bear simulacra (IceCv)
  A spriggan simulacrum (IceCv)
  3 troll simulacra (IceCv)
  2 wolf simulacra (IceCv)
  2 big kobold zombies (Ossuary)
  2 hound skeletons (D:9)
  3 mummies (Ossuary)
  2 worker ant zombies
  13 gnolls
  A naga simulacrum (IceCv)
  18 adders
  2 shadow imps (Depths:1)
  9 white imps
  4 ufetubi
  2 oozes
  An adder skeleton (D:5)
  5 worms
  4 dart slugs
  5 leopard geckos
  113 orcs
  7 bats
  8 giant cockroaches
  15 hobgoblins
  10 jackals
  6 quokkas
  2 ball pythons (D:1)
  8 frilled lizards
  13 goblins
  3 hobgoblin zombies (Ossuary)
  A jackal skeleton (D:4)
  21 kobolds
  2 kobold zombies (Ossuary)
  A quokka skeleton (D:8)
  A quokka zombie (D:5)
  8 rats
  A rat (shapeshifter) (Depths:2)
  2 fulminant prisms
2437 creatures vanquished.

Vanquished Creatures (others)
  A hellephant (Depths:4)
  A draconian scorcher (Zot:5)
  A purple draconian (Zot:3)
  A yellow draconian (Zot:5)
  A white draconian (Zot:5)
  An ettin (Depths:2)
  A fire dragon (Vaults:2)
  A yaktaur captain (Depths:1)
  An ice dragon (Vaults:4)
  A hydra (Lair:4)
  2 anacondas
  An alligator (Swamp:4)
  2 centaur warriors (Vaults:1)
  A deep elf knight (Vaults:1)
  A swamp dragon (Swamp:1)
  A wizard (Vaults:2)
  A harpy (Vaults:1)
  An orc knight (Vaults:2)
  A sphinx skeleton (Vaults:3)
  An ugly thing (Depths:2)
  2 deep elf magi
  A manticore (D:15)
  An elephant (Lair:6)
  A black mamba (Lair:6)
  A naga mage (Snake:2)
  A vault sentinel (Vaults:4)
  2 yaktaurs
  A tengu conjurer (Depths:4)
  A troll (Vaults:4)
  A wind drake (WizLab)
  2 hornets
  A slime creature (Depths:3)
  A wraith (D:12)
  A spriggan (Lair:6)
  A large abomination (Depths:3)
  A small abomination (Zot:5)
  A yak (Lair:2)
  A warg (Vaults:2)
  An orc warrior (Vaults:2)
  A wolf (Lair:6)
  A wolf (shapeshifter) (Vaults:2)
  4 ogres (Vaults:2)
  4 centaurs
  A white imp (IceCv)
  3 ufetubi (IceCv)
  4 orcs
  A bush (Lair:6)
  15 foxfires
  211 fulminant prisms
  74 fungi
  97 plants
460 creatures vanquished.

Grand Total: 2897 creatures vanquished

Notes
Turn   | Place    | Note
-------+----------+-------------------------------------------
     0 | D:1      | EnegeticOcto the Mummy Conjurer began the quest for the
                  | Orb.
     0 | D:1      | Reached XP level 1. HP: 13/13 MP: 4/4
   204 | D:1      | Reached skill level 3 in Spellcasting
   325 | D:1      | Reached skill level 2 in Stealth
   543 | D:1      | Reached XP level 2. HP: 19/19 MP: 0/6
   550 | D:1      | Learned a level 2 spell: Searing Ray
  1141 | D:1      | Reached XP level 3. HP: 24/24 MP: 5/8
  1688 | D:2      | Reached skill level 4 in Spellcasting
  2099 | D:2      | Found a broken altar of Ashenzari.
  2100 | D:2      | Found a hazy altar of Hepliaklqana.
  2121 | D:2      | Reached skill level 3 in Stealth
  2260 | D:2      | Reached XP level 4. HP: 30/30 MP: 7/10
  2296 | D:2      | Learned a level 4 spell: Fulminant Prism
  2303 | D:2      | Learned a level 4 spell: Iskenderun's Mystic Blast
  2526 | D:2      | Reached skill level 4 in Conjurations
  2806 | D:2      | Reached XP level 5. HP: 35/35 MP: 5/11
  3070 | D:2      | Reached skill level 1 in Hexes
  3576 | D:3      | Reached skill level 5 in Spellcasting
  3576 | D:3      | Reached skill level 2 in Hexes
  3965 | D:3      | Reached XP level 6. HP: 41/41 MP: 10/13
  4896 | D:4      | Noticed Blork the orc
  4904 | D:4      | Killed Blork the orc
  4905 | D:4      | Reached skill level 6 in Spellcasting
  4905 | D:4      | Reached skill level 3 in Hexes
  4909 | D:4      | Reached XP level 7. HP: 46/46 MP: 0/16
  6258 | D:5      | Entered Level 5 of the Dungeon
  6378 | D:5      | Found Quwah's Antique Weapon Shoppe.
  6399 | D:5      | Bought a crystal rapier for 216 gold pieces
  6399 | D:5      | Identified the +8 rapier of Grandeur {freeze, rF- Will+
                  | Int+3 Dex+2} (You bought it in a shop on level 5 of the
                  | Dungeon)
  6411 | D:5      | Reached skill level 7 in Spellcasting
  6411 | D:5      | Reached skill level 4 in Hexes
  6709 | D:5      | Reached XP level 8. HP: 52/52 MP: 10/18
  6870 | D:5      | Reached skill level 5 in Conjurations
  6905 | D:5      | Reached skill level 8 in Spellcasting
  6905 | D:5      | Reached skill level 5 in Hexes
  7043 | D:5      | Reached skill level 9 in Spellcasting
  7512 | D:6      | Reached skill level 10 in Spellcasting
  7516 | D:6      | Learned a level 3 spell: Dazzling Flash
  7760 | D:6      | Reached XP level 9. HP: 43/57 MP: 16/23
  7844 | D:6      | Reached skill level 6 in Hexes
  8232 | D:6      | Found a staircase to the Ecumenical Temple.
  8255 | Temple   | Entered the Ecumenical Temple
  8323 | Temple   | Became a worshipper of Ru the Awakened
  8339 | D:6      | Learned a level 2 spell: Slow
  8344 | D:6      | Learned a level 4 spell: Cause Fear
  8360 | D:6      | Found a shadowy altar of Dithmenos.
  8667 | D:7      | Found Ydumpo's Weapon Boutique.
  8679 | D:7      | Reached skill level 7 in Hexes
  9324 | D:7      | Reached skill level 11 in Spellcasting
  9324 | D:7      | Reached skill level 6 in Conjurations
  9405 | D:7      | Found a shadowy altar of Dithmenos.
  9786 | D:7      | Gained mutation: You cannot study or use magical devices.
                  | [Ru sacrifice]
  9786 | D:7      | Reached * piety under Ru
  9786 | D:7      | Reached ** piety under Ru
 10243 | D:8      | Found a sand-covered staircase.
 10248 | Ossuary  | Entered an ossuary
 10574 | Ossuary  | Reached XP level 10. HP: 38/63 MP: 17/25
 10950 | D:8      | Reached skill level 7 in Conjurations
 11074 | D:8      | Reached skill level 12 in Spellcasting
 11711 | D:9      | Reached skill level 1 in Fighting
 11724 | D:9      | Reached skill level 1 in Translocations
 11857 | D:9      | Found a transporter.
 11857 | D:9      | Noticed qipq's ghost (novice OpFi)
 11882 | D:9      | Found a transporter.
 11973 | D:9      | Reached skill level 2 in Fighting
 12147 | D:9      | Reached skill level 2 in Translocations
 12232 | D:9      | Found a faded altar of an unknown god.
 12232 | D:9      | Found a basalt altar of Yredelemnul.
 12237 | D:9      | Found a faded altar of an unknown god.
 12239 | D:9      | Found a blossoming altar of Fedhas.
 12240 | D:9      | Found a hide-covered altar of Uskayaw.
 12546 | D:9      | Gained mutation: You cannot be stealthy. [Ru sacrifice]
 12546 | D:9      | Reduced skill Stealth to level 0
 12546 | D:9      | Reached *** piety under Ru
 12637 | D:9      | Reached skill level 3 in Fighting
 12938 | D:9      | Killed qipq's ghost
 12940 | D:9      | Reached skill level 8 in Conjurations
 12940 | D:9      | Identified the Grimoire of Harmful Unholy Magic
 13041 | D:10     | Entered Level 10 of the Dungeon
 13197 | D:10     | Reached skill level 3 in Translocations
 13197 | D:10     | Reached XP level 11. HP: 76/76 MP: 23/27
 13276 | D:10     | Noticed an orc sorcerer
 13276 | D:10     | Noticed a deep elf annihilator
 13277 | D:10     | Noticed an orc sorcerer
 13613 | D:11     | Reached skill level 4 in Fighting
 13630 | D:11     | Reached skill level 13 in Spellcasting
 13896 | D:11     | Found a staircase to the Lair.
 14064 | D:11     | Reached skill level 4 in Translocations
 14228 | D:11     | Noticed a two-headed ogre
 14233 | D:11     | Killed a two-headed ogre
 14234 | D:11     | Reached skill level 5 in Fighting
 14483 | D:11     | Gained mutation: You are sensitive to extremes of
                  | temperature. (rF-, rC-) [Ru sacrifice]
 14483 | D:11     | Reached **** piety under Ru
 14483 | D:11     | Reached ***** piety under Ru
 14745 | Lair:1   | Entered Level 1 of the Lair of Beasts
 14866 | Lair:1   | Reached skill level 5 in Translocations
 15156 | Lair:1   | Noticed Joseph
 15171 | Lair:1   | Killed Joseph
 15172 | Lair:1   | Reached skill level 2 in Dodging
 15327 | Lair:1   | Found a runed translucent gate.
 15327 | Lair:1   | Found a runed translucent gate.
 15327 | Lair:1   | Found a runed translucent gate.
 15328 | Lair:1   | Noticed a death ooze
 15328 | Lair:1   | Noticed thewurscht's ghost (journeyman DrTm)
 15329 | Lair:1   | Found a viscous altar of Jiyva.
 15450 | Lair:1   | Found a snail-covered altar of Cheibriados.
 16027 | Lair:2   | Noticed a boulder beetle
 16038 | Lair:2   | Killed a boulder beetle
 16039 | Lair:2   | Reached skill level 1 in Shields
 16150 | Lair:2   | Reached skill level 6 in Fighting
 16161 | Lair:1   | Reached skill level 2 in Shields
 16693 | Lair:2   | Reached XP level 12. HP: 55/89 MP: 21/29
 16697 | Lair:2   | Reached skill level 8 in Hexes
 16971 | Lair:2   | Found a staircase to the Swamp.
 16996 | Lair:2   | Reached skill level 3 in Shields
 17015 | Lair:2   | Noticed a seven-headed hydra
 17039 | Lair:2   | Killed a seven-headed hydra
 17040 | Lair:2   | Reached skill level 4 in Shields
 17055 | Lair:2   | Reached skill level 9 in Conjurations
 17242 | Lair:2   | Gained mutation: You cannot train Dodging skill. [Ru
                  | sacrifice]
 17242 | Lair:2   | Reduced skill Dodging to level 0
 17242 | Lair:2   | Reached ****** piety under Ru
 17475 | Lair:2   | Identified a scroll of acquirement
 17476 | Lair:2   | Acquired the Catalogue of Excruciating Heat
 17484 | Lair:2   | Learned a level 5 spell: Irradiate
 17542 | Lair:3   | Noticed a seven-headed hydra
 17554 | Lair:3   | Killed a seven-headed hydra
 17555 | Lair:3   | Reached skill level 5 in Shields
 17555 | Lair:3   | Reached skill level 1 in Transmutations
 17717 | Lair:3   | Identified the +8 trident "Hommuleoq" {flame, +Rage rPois
                  | rC+ rN+} (You found it on level 3 of the Lair of Beasts)
 17981 | Lair:3   | Reached skill level 2 in Transmutations
 18174 | Lair:3   | Reached skill level 6 in Shields
 18230 | Lair:3   | Noticed a death yak
 18232 | Lair:3   | Noticed a death yak
 18232 | Lair:3   | Noticed a death yak
 18233 | Lair:3   | Noticed a death yak
 18262 | Lair:3   | Killed a death yak
 18269 | Lair:3   | Killed a death yak
 18270 | Lair:3   | Reached skill level 3 in Transmutations
 18272 | Lair:3   | Killed a death yak
 18287 | Lair:3   | Killed a death yak
 18288 | Lair:3   | Reached skill level 7 in Shields
 18601 | Lair:3   | You fall into a shaft and drop 1 floor!
 18601 | Lair:4   | Noticed an eight-headed hydra
 18611 | Lair:4   | Killed an eight-headed hydra
 18612 | Lair:4   | Reached skill level 4 in Transmutations
 19014 | Lair:4   | Identified the +6 chain mail of Makhleb's Castigation
                  | {-Tele Rampage rCorr} (You found it on level 4 of the Lair
                  | of Beasts)
 19048 | Lair:4   | Found a runed translucent gate.
 19081 | Lair:4   | Found a staircase to the Snake Pit.
 19184 | Lair:4   | Noticed a death yak
 19185 | Lair:4   | Noticed a death yak
 19185 | Lair:4   | Noticed a death yak
 19185 | Lair:4   | Noticed a death yak
 19197 | Lair:4   | Killed a death yak
 19197 | Lair:4   | Killed a death yak
 19198 | Lair:4   | Reached skill level 5 in Transmutations
 19200 | Lair:4   | Killed a death yak
 19203 | Lair:4   | Killed a death yak
 19204 | Lair:4   | Gained mutation: You are in touch with the powers of death.
                  | [Mummy growth]
 19204 | Lair:4   | Reached XP level 13. HP: 72/94 MP: 12/30
 19326 | Lair:4   | Found a runed translucent gate.
 19326 | Lair:4   | Found a runed translucent gate.
 19335 | Lair:4   | Noticed Belaica's ghost (journeyman HOFE)
 19351 | Lair:4   | Noticed a minotaur
 19550 | Lair:4   | Reached skill level 6 in Transmutations
 20067 | Lair:5   | Acquired an uncursed staff of conjuration
 20273 | Lair:5   | You fall into a shaft and drop 1 floor!
 20273 | Lair:6   | Entered Level 6 of the Lair of Beasts
 20397 | Lair:5   | Reached skill level 7 in Fighting
 20859 | Lair:5   | Found a staircase to the Slime Pits.
 20859 | Lair:5   | Found a viscous altar of Jiyva.
 21498 | Lair:6   | Reached skill level 8 in Shields
 21503 | Lair:6   | Reached skill level 8 in Fighting
 22116 | Lair:6   | Reached skill level 10 in Conjurations
 22459 | Lair:6   | Reached skill level 9 in Shields
 22496 | Lair:6   | Reached XP level 14. HP: 100/105 MP: 20/31
 23812 | Lair:6   | Identified the +9 great sword of Tension {vorpal, Dex+2}
                  | (You found it on level 6 of the Lair of Beasts)
 23940 | D:12     | Learned a level 3 spell: Stone Arrow
 24243 | D:12     | Reached skill level 11 in Conjurations
 24443 | D:12     | Found a staircase to the Orcish Mines.
 24873 | D:12     | Noticed Fannar
 24878 | D:12     | Killed Fannar
 25141 | Orc:1    | Entered Level 1 of the Orcish Mines
 25385 | Orc:1    | Reached skill level 1 in Armour
 25762 | Orc:2    | Entered Level 2 of the Orcish Mines
 25820 | Orc:2    | Found a roughly hewn altar of Beogh.
 25861 | Orc:2    | Reached skill level 10 in Shields
 26341 | Orc:2    | Reached skill level 2 in Armour
 27206 | Orc:2    | Noticed Erolcha
 27213 | Orc:2    | Killed Erolcha
 27548 | Orc:2    | Found Idigg's Book Boutique.
 27548 | Orc:2    | Found Lireged's Gadget Emporium.
 27550 | Orc:2    | Found Laellun's Book Shoppe.
 27552 | Orc:2    | Found Yceaq's Gadget Shop.
 27572 | Orc:2    | Bought the Collected Works on Stones and Moulding for 882
                  | gold pieces
 27575 | Orc:2    | Learned a level 2 spell: Passwall
 27581 | Orc:2    | Learned a level 5 spell: Borgnjor's Vile Clutch
 27603 | Orc:2    | Found a staircase to the Elven Halls.
 27985 | D:7      | Bought the +4 short sword of Destruction {speed, *Noise
                  | rElec rPois rF+ rC+} for 807 gold pieces
 28678 | D:10     | Reached skill level 3 in Armour
 28678 | D:10     | Reached skill level 1 in Necromancy
 28678 | D:10     | Reached skill level 1 in Earth Magic
 28876 | D:10     | Identified Vuic's Incunabulum of Earthen Displacement
 29448 | D:13     | Found a flagged portal.
 29455 | D:13     | Reached skill level 2 in Necromancy
 29460 | Bailey   | Entered a bailey
 30130 | Bailey   | Reached skill level 2 in Earth Magic
 30139 | Bailey   | Got a faintly glowing jade ring
 30140 | Bailey   | Identified the cursed ring "Wucoiroi" {rElec rF+ rN+ Str-4}
                  | (You found it in a bailey)
 30141 | Bailey   | Acquired the amulet "Yrha Sys" {Regen+ Str+3}
 30324 | D:13     | Found a snail-covered altar of Cheibriados.
 30327 | D:13     | Noticed Frances
 30343 | D:13     | Killed Frances
 30344 | D:13     | Reached skill level 3 in Necromancy
 30351 | D:13     | Reached skill level 4 in Armour
 30665 | D:13     | Reached skill level 3 in Earth Magic
 30668 | D:13     | Reached XP level 15. HP: 76/112 MP: 8/32
 30880 | D:13     | Found a gate to the Vaults.
 31018 | D:13     | Reached skill level 4 in Necromancy
 31234 | D:13     | Noticed Azrael
 31238 | D:13     | Killed Azrael
 31489 | D:13     | You fall into a shaft and drop 2 floors!
 31489 | D:15     | Entered Level 15 of the Dungeon
 31920 | D:14     | Noticed Snorg
 31938 | D:14     | Killed Snorg
 31941 | D:14     | Reached skill level 4 in Earth Magic
 31959 | D:14     | Reached skill level 9 in Fighting
 32127 | D:14     | Reached skill level 5 in Necromancy
 32580 | D:13     | Noticed Kirke
 32590 | D:13     | Killed Kirke
 34412 | D:15     | Identified the +1 ring mail "Jepp" {rN+ Str+4 Int+2} (You
                  | found it on level 15 of the Dungeon)
 34656 | D:15     | Reached skill level 6 in Necromancy
 34656 | D:15     | Reached skill level 5 in Earth Magic
 34783 | D:15     | Found a staircase to the Depths.
 35056 | D:15     | Found a staircase to the Depths.
 35709 | Snake:1  | Entered Level 1 of the Snake Pit
 35714 | Snake:1  | Reached skill level 11 in Shields
 36062 | Snake:1  | Reached skill level 10 in Fighting
 36706 | Snake:1  | Reached skill level 7 in Necromancy
 36706 | Snake:1  | Reached XP level 16. HP: 115/122 MP: 16/33
 36844 | Snake:1  | Found Ovvobod's Antique Weapon Emporium.
 37072 | Snake:1  | Reached skill level 6 in Earth Magic
 37581 | Snake:1  | Found Daebb's Antique Armour Shoppe.
 37583 | Snake:1  | Found Zigo's Assorted Antiques.
 37593 | Snake:1  | Bought a pair of heavily runed boots for 266 gold pieces
 37593 | Snake:1  | Bought an encrusted leather armour for 196 gold pieces
 37593 | Snake:1  | Identified the +1 pair of boots "Kioq" {rElec rF- Will-
                  | Int+7} (You bought it in a shop on level 1 of the Snake
                  | Pit)
 37594 | Snake:1  | Identified the +5 leather armour "Avoumuat" {rPois Will+
                  | Dex+4 Slay-2} (You bought it in a shop on level 1 of the
                  | Snake Pit)
 37927 | Snake:1  | Found Viyhy's Magic Scroll Boutique.
 38542 | Snake:2  | Found a frozen archway.
 38627 | IceCv    | Entered an ice cave
 39782 | IceCv    | Noticed an Ice Fiend
 39790 | IceCv    | Killed an Ice Fiend
 39892 | IceCv    | Found the +7 mace of Variability {chain chaos}
 39896 | IceCv    | Identified the +0 hat of Geinul {rF++ rN+ Str-5} (You found
                  | it in an ice cave)
 39992 | Snake:2  | Found a transporter.
 40219 | Snake:2  | Found Qojonaer's Antique Weapon Shoppe.
 40272 | Snake:2  | Reached skill level 8 in Necromancy
 40418 | Snake:2  | Noticed Louise
 40430 | Snake:2  | Killed Louise
 40726 | Snake:2  | Reached skill level 7 in Earth Magic
 40855 | Snake:2  | Found a sparkling altar of Nemelex Xobeh.
 40930 | Snake:2  | Found a transporter.
 41263 | Snake:2  | Reached skill level 14 in Spellcasting
 41390 | Snake:2  | Got a sparkling bone amulet
 41426 | Snake:2  | Identified the amulet of Lilacs {RegenMP Int+7} (You found
                  | it on level 2 of the Snake Pit)
 41583 | Snake:3  | Reached skill level 12 in Shields
 41736 | Snake:3  | Reached skill level 9 in Necromancy
 42591 | Snake:4  | Entered Level 4 of the Snake Pit
 42698 | Snake:4  | Reached XP level 17. HP: 129/129 MP: 3/35
 42851 | Snake:4  | Reached skill level 8 in Earth Magic
 43298 | Snake:4  | Learned a level 5 spell: Bolt of Magma
 43383 | Snake:4  | Noticed Saint Roka
 43386 | Snake:4  | Reached skill level 1 in Fire Magic
 43388 | Snake:4  | Killed Saint Roka
 43389 | Snake:4  | Reached skill level 15 in Spellcasting
 43389 | Snake:4  | Reached skill level 10 in Necromancy
 43389 | Snake:4  | Reached skill level 2 in Fire Magic
 43636 | Snake:4  | Reached skill level 3 in Fire Magic
 43757 | Snake:4  | Found Hatsuz's Assorted Antiques.
 43765 | Snake:4  | Bought 3 scrolls labelled TOUGEV HEWNIS for 81 gold pieces
 44327 | Snake:4  | Reached skill level 4 in Fire Magic
 44956 | Snake:4  | Reached skill level 13 in Shields
 45004 | Snake:4  | Reached skill level 11 in Necromancy
 45469 | Snake:4  | Reached XP level 18. HP: 129/136 MP: 19/37
 45527 | Snake:4  | Reached skill level 16 in Spellcasting
 45564 | Snake:4  | Got a serpentine rune of Zot
 45801 | Swamp:1  | Entered Level 1 of the Swamp
 48693 | Swamp:3  | Reached skill level 11 in Fighting
 48924 | Swamp:3  | Reached skill level 14 in Shields
 49189 | Swamp:3  | Noticed Bai Suzhen
 49198 | Swamp:3  | Killed Bai Suzhen
 49507 | Swamp:4  | Entered Level 4 of the Swamp
 49926 | Swamp:4  | Noticed the 27-headed Lernaean hydra
 49935 | Swamp:4  | Killed the 27-headed Lernaean hydra
 50338 | Swamp:4  | Got a decaying rune of Zot
 50937 | Vaults:1 | Entered Level 1 of the Vaults
 51051 | Vaults:1 | Reached skill level 17 in Spellcasting
 51051 | Vaults:1 | Reached XP level 19. HP: 121/141 MP: 28/40
 51142 | Vaults:1 | Found a magical portal.
 51218 | WizLab   | Entered The Chambers of the Cloud Mage
 52241 | WizLab   | Reached skill level 15 in Shields
 52359 | WizLab   | Noticed Daehuz
 52366 | WizLab   | Killed Daehuz the Cloud Mage
 52575 | WizLab   | Identified the Compendium of Feathers
 52585 | WizLab   | Got a heavily runed pewter ring
 52586 | WizLab   | Identified the ring "Baumitur" {rPois Str+5 Stlth-} (You
                  | found it in a wizard's laboratory)
 53643 | Vaults:1 | Reached skill level 16 in Shields
 54545 | Vaults:2 | Found a flickering gateway to a bazaar.
 54556 | Bazaar   | Entered a bazaar
 54556 | Bazaar   | Found Oneocoy's Jewellery Shoppe.
 54556 | Bazaar   | Found Juun's Distillery.
 54556 | Bazaar   | Found Ussala's Distillery.
 54556 | Bazaar   | Found Guoleke's Armour Shoppe.
 55804 | Vaults:2 | Reached skill level 17 in Shields
 56278 | Vaults:2 | Reached XP level 20. HP: 135/151 MP: 31/41
 57753 | Vaults:3 | Reached skill level 18 in Shields
 57792 | Vaults:3 | Found a staircase to the Crypt.
 57958 | Vaults:3 | Reached skill level 12 in Fighting
 58933 | Vaults:3 | Found Toudada's Armour Shoppe.
 58970 | Vaults:3 | Bought the +2 ring mail of Jixup {MP+9 Int+6} for 840 gold
                  | pieces
 60174 | Vaults:4 | Reached skill level 13 in Fighting
 60395 | Vaults:4 | Reached XP level 21. HP: 154/162 MP: 37/42
 60397 | Vaults:4 | Reached skill level 12 in Conjurations
 60738 | Vaults:4 | Reached skill level 5 in Armour
 61530 | Vaults:4 | Reached skill level 9 in Earth Magic
 62462 | Elf:1    | Entered Level 1 of the Elven Halls
 64072 | Elf:1    | Reached skill level 18 in Spellcasting
 64491 | Elf:1    | Learned a level 1 spell: Apportation
 64496 | Elf:1    | Learned a level 4 spell: Dispel Undead
 64590 | Elf:2    | Found Faosoula's Distillery.
 65160 | Elf:2    | Reached skill level 14 in Fighting
 65210 | Elf:2    | Found a huge runed translucent gate.
 65210 | Elf:2    | Found a huge runed translucent gate.
 65211 | Elf:2    | Found a huge runed translucent gate.
 65383 | Elf:2    | Found a huge runed translucent gate.
 65383 | Elf:2    | Found a huge runed translucent gate.
 65428 | Elf:3    | Entered Level 3 of the Elven Halls
 65816 | Elf:3    | Found a shimmering blue altar of Sif Muna.
 66009 | Elf:3    | Reached skill level 6 in Armour
 66927 | Elf:3    | Found a shimmering blue altar of Sif Muna.
 67301 | Elf:3    | Identified the ring "Vuuva" {Slay+3 SInv}
 67304 | Elf:3    | Identified the cursed +0 falchion of Xejo Tei {flame,
                  | rPois}
 67304 | Elf:3    | Identified the +3 leather armour of Huxtacw {Dex+3}
 67304 | Elf:3    | Identified the ring "Etapti" {Ice Will++ Str+2}
 67503 | Elf:3    | Reached XP level 22. HP: 173/173 MP: 34/44
 67675 | Elf:3    | Identified the Catalogue of Twisted Calling
 67678 | Elf:3    | Identified the Reference Book on the Earthen Snowflakes
 67687 | Elf:3    | Identified Moril's Grimoire of Mutagenic Ignition
 67696 | Elf:3    | Identified the Papyrus of Transmutation
 67704 | Elf:3    | Learned a level 5 spell: Yara's Violent Unravelling
 67880 | Orc:2    | Bought a book of Power for 630 gold pieces
 67887 | Orc:2    | Learned a level 6 spell: Iron Shot
 68028 | Depths:1 | Entered Level 1 of the Depths
 68671 | Depths:1 | Found a one-way gate leading to the halls of Pandemonium.
 69146 | Depths:1 | Found a gateway to Hell.
 69223 | Depths:1 | Found Itosy's Jewellery Emporium.
 69223 | Depths:1 | Found Kauh's Gadget Boutique.
 69224 | Depths:1 | Found Hosist's Jewellery Emporium.
 69511 | Depths:1 | Found a portal to a secret trove of treasure.
 69833 | Depths:1 | Reached skill level 15 in Fighting
 69960 | Depths:1 | Reached skill level 7 in Armour
 69960 | Depths:1 | Reached skill level 10 in Earth Magic
 70048 | Depths:1 | Identified the +2 hat of Salvation {rElec Regen+ Int-2
                  | SInv} (You found it on level 1 of the Depths)
 70055 | Depths:1 | Found a radiant altar of Vehumet.
 70102 | Depths:1 | Identified the +2 robe of the Valley of Death {Int+2 SInv}
                  | (You found it on level 1 of the Depths)
 70134 | Depths:1 | Found a gateway to a ziggurat.
 70134 | Depths:1 | Identified the cursed +0 tower shield of Hemydgh {Regen+
                  | Str+3 Dex+2}
 70937 | Depths:2 | Noticed the Enchantress
 71272 | Depths:1 | Killed the Enchantress
 71273 | Depths:1 | Reached skill level 19 in Spellcasting
 71757 | Depths:2 | Reached skill level 8 in Armour
 71778 | Depths:1 | Reached skill level 19 in Shields
 72124 | Depths:2 | Noticed a golden dragon
 72131 | Depths:2 | Killed a golden dragon
 72474 | Depths:2 | Identified the ring "Vify" {rPois rCorr Str+3 Int-3 Dex+2}
 72637 | Depths:2 | Reached skill level 11 in Earth Magic
 72712 | Depths:2 | Reached XP level 23. HP: 149/181 MP: 27/46
 73502 | Depths:2 | You fall into a shaft and drop 1 floor!
 73948 | Depths:3 | Reached skill level 20 in Spellcasting
 74474 | Depths:3 | Reached skill level 12 in Earth Magic
 74977 | Depths:3 | Reached skill level 20 in Shields
 75083 | Depths:3 | Found Zolufoel's Magic Scroll Boutique.
 75155 | Depths:3 | Bought a scroll of fog for 32 gold pieces
 75155 | Depths:3 | Bought a scroll of magic mapping for 56 gold pieces
 75155 | Depths:3 | Bought a scroll of magic mapping for 56 gold pieces
 75155 | Depths:3 | Bought a scroll of magic mapping for 56 gold pieces
 75199 | Depths:3 | Found Joopt's Antique Weapon Shoppe.
 75682 | Depths:1 | You paid a toll of a +6 demon blade to enter a treasure
                  | trove
 75683 | Trove    | Entered a treasure trove
 75687 | Trove    | Identified the Guide on Mutagenic Malediction
 75724 | Trove    | Identified Sif Muna's Disquisition on the Escort and Battle
                  | Magic
 75727 | Trove    | Identified Lee's Papyrus of Dusty Attacks
 75734 | Trove    | Found the +3 Elemental Staff {rElec rF++ rC++ Will++ AC+5}
 76107 | Snake:1  | Bought a pair of runed boots for 330 gold pieces
 76697 | Depths:2 | Identified the Handbook of Unholy Hexes
 76812 | Depths:2 | Identified Xoypt's Catalogue of the Congealing Escort
 76881 | Depths:2 | Reached skill level 13 in Conjurations
 77162 | Depths:3 | Reached XP level 24. HP: 142/189 MP: 20/47
 77699 | Depths:3 | Reached skill level 9 in Armour
 78309 | Depths:3 | Found a one-way gate to the infinite horrors of the Abyss.
 79234 | Slime:1  | Entered Level 1 of the Pits of Slime
 79825 | Slime:4  | Reached skill level 16 in Fighting
 79930 | Slime:5  | Entered Level 5 of the Pits of Slime
 80270 | Slime:5  | Reached skill level 21 in Spellcasting
 80611 | Slime:5  | Noticed the Royal Jelly
 80616 | Slime:5  | Killed the Royal Jelly
 80617 | Slime:5  | Reached skill level 10 in Armour
 80957 | Slime:5  | Got a warped lead ring
 80958 | Slime:5  | Identified the ring of Picyany {Dex+8 Stlth+} (You found it
                  | on level 5 of the Pits of Slime)
 80963 | Slime:5  | Found the +7 Singing Sword {vorpal, sonic wave}
 80982 | Slime:5  | Got a slimy rune of Zot
 81023 | Slime:5  | Identified the Compendium of Shape Shifting and Clay
 81195 | Snake:1  | Bought a scroll of acquirement for 624 gold pieces
 81195 | Snake:1  | Bought 2 scrolls of teleportation for 72 gold pieces
 81195 | Snake:1  | Bought a scroll of magic mapping for 42 gold pieces
 81195 | Snake:1  | Bought a scroll of teleportation for 36 gold pieces
 81195 | Snake:1  | Bought a scroll of teleportation for 36 gold pieces
 81195 | Snake:1  | Bought a scroll of teleportation for 36 gold pieces
 81195 | Snake:1  | Bought a scroll of teleportation for 36 gold pieces
 81195 | Snake:1  | Acquired the ring of Hederham {rC+ Dex+4 SInv}
 81700 | Depths:4 | Reached skill level 14 in Conjurations
 81906 | Depths:4 | Reached skill level 17 in Fighting
 82144 | Depths:5 | Entered Level 5 of the Depths
 82150 | Depths:5 | Reached XP level 25. HP: 202/202 MP: 41/48
 82220 | Depths:5 | Reached skill level 22 in Spellcasting
 82231 | Depths:4 | Reached skill level 18 in Fighting
 82575 | Depths:4 | Identified the +2 great sword "Hayhur" {vamp, rPois rF++
                  | Will- Str+2}
 82575 | Depths:4 | Noticed Mara
 82580 | Depths:4 | Noticed EnegeticOcto's illusion
 82581 | Depths:4 | Killed Mara
 82993 | Depths:5 | Found a gate to the Realm of Zot.
 82999 | Zot:1    | Entered Level 1 of the Realm of Zot
 83001 | Zot:1    | Noticed an orb of fire
 83003 | Zot:1    | Reached skill level 23 in Spellcasting
 83008 | Zot:1    | Killed an orb of fire
 83771 | Zot:3    | Reached skill level 24 in Spellcasting
 84424 | Zot:5    | Entered Level 5 of the Realm of Zot
 84427 | Zot:5    | Reached skill level 25 in Spellcasting
 84886 | Zot:5    | Gained mutation: You are strongly in touch with the powers
                  | of death. [Mummy growth]
 84886 | Zot:5    | Reached XP level 26. HP: 150/211 MP: 32/52
 85960 | Zot:5    | Reached skill level 26 in Spellcasting
 86036 | Zot:5    | Noticed an orb of fire
 86046 | Zot:5    | Killed an orb of fire
 86048 | Zot:5    | Noticed an ancient lich
 86054 | Zot:5    | Killed an ancient lich
 86175 | Zot:5    | Noticed an ancient lich
 86179 | Zot:5    | Killed an ancient lich
 86207 | Zot:5    | Noticed an ancient lich
 86214 | Zot:5    | Killed an ancient lich
 86215 | Zot:5    | Reached skill level 27 in Spellcasting
 86381 | Zot:5    | Noticed an ancient lich
 86394 | Zot:5    | Noticed an ancient lich
 86395 | Zot:5    | Noticed an orb of fire
 86408 | Zot:5    | Killed an ancient lich
 86409 | Zot:5    | Reached skill level 19 in Fighting
 86409 | Zot:5    | Killed an orb of fire
 86414 | Zot:5    | Reached skill level 20 in Fighting
 86415 | Zot:5    | Killed an ancient lich
 86416 | Zot:5    | Noticed an ancient lich
 86418 | Zot:5    | Noticed an ancient lich
 86420 | Zot:5    | Noticed an ancient lich
 86427 | Zot:5    | Killed an ancient lich
 86472 | Zot:5    | Killed an ancient lich
 86482 | Zot:5    | Reached skill level 21 in Fighting
 86482 | Zot:5    | Killed an ancient lich
 86483 | Zot:5    | Reached XP level 27. HP: 163/228 MP: 9/54
 87015 | Zot:5    | Got the Orb of Zot
 87039 | Zot:5    | Noticed Meysu the pandemonium lord
 87216 | Depths:3 | Noticed Cawal the pandemonium lord
 87223 | Depths:3 | Killed Cawal the pandemonium lord
 87227 | Depths:3 | Reached skill level 22 in Fighting
 87524 | D:3      | Noticed Plog the pandemonium lord
 87537 | D:3      | Killed Plog the pandemonium lord
 87641 | D:$      | Escaped with the Orb!

Illustrated notes

Levels and vault maps discovered:
D:1:      denvon_arrival_waterhouse, layout_basic
D:2:      layout_basic, gammafunk_temple_overflow_statue
D:3:      layout_basic
D:4:      layout_loops_ring, uniq_blork_the_orc
D:5:      layout_rooms, serial_shops, nicolae_shop_crystal
D:6:      layout_cave_pools, nicolae_overflow_crystal_walls,
          minmay_temple_entry_offerings
D:7:      layout_loops_ring, serial_glass, glass_columns_a, glass_columns_a,
          minmay_strange_pillars, minmay_strange_pillars, due_unseen_surprise,
          serial_shops, shop, nicolae_dithmenos_shadow_blocks
D:8:      layout_cave_pools, enter_ossuary_2, minmay_chambers_of_fives
D:9:      layout_roguey, chequers_temple_overflow_minitemple,
          gammafunk_ghost_arena, hive_lemuel
D:10:     cheibrodos_wizards_tower, layout_layer_cave
D:11:     layout_gridville, lair_entry_dummy, serial_park_tiny_pond
D:12:     layout_loops_ring, orc_0_dummy, uniq_fannar
D:13:     layout_cross, lightli_vaults_fourway_checkpoint, basic_altar,
          enter_bailey_6, minivault_14, uniq_kirke, uniq_frances, uniq_azrael
D:14:     layout_long_grid, hangedman_decor_lopped, grunt_decor_fettered,
          uniq_snorg
D:15:     hangedman_depths_entry_try_elsewhere_first, layout_gridville
Temple:   eino_temple_rhombus
Lair:1:   layout_gridlike, gammafunk_ghost_ooze, kennysheep_snail_temple,
          uniq_joseph
Lair:2:   layout_regular_city, swamp_mist
Lair:3:   layout_gridlike, chequers_serial_rivers_micro_d, grunt_megastairs_5,
          infiniplex_staircase_pool_2, serial_bayou_shore_a
Lair:4:   layout_regular_city, dummy_snake_entry,
          maelrawn_ghost_gauntlet_escape, infiniplex_staircase_pool
Lair:5:   layout_regular_city, slime_altar_1
Lair:6:   minmay_lair_end_enchanted_forest, layout_loops_ring, special_room
          [special_room_mythical_zoo], minmay_lair_oklob_bushes,
          chequers_serial_rivers_large_b, nicolae_lair_grove_arrangements,
          lemuel_fruit_tree
Swamp:1:  layout_basic_swamp, nicolae_swamp_orc_logging_accident, swamp_pool4
Swamp:2:  layout_falls_marsh, evilmike_swamp_ruin_house_3
Swamp:3:  layout_basic_swamp, serial_swamp_ruin, evilmike_swamp_ruin_rubble_1,
          evilmike_swamp_ruin_house_4, evilmike_swamp_ruin_house_2,
          uniq_bai_suzhen
Swamp:4:  swamp_old_school, layout_basic_swamp, swamp_pool2
Snake:1:  layout_layer_cave, serial_shops, shop, drop_trap, st_stairs_8,
          minmay_shop_star, grunt_megastairs_3
Snake:2:  gammafunk_the_bubble [the_bubble_gammafunk_plus_minus],
          layout_misc_corridors, serial_shops, nicolae_shop_behind_doors,
          portal_ice_cave_entry_pillars_1, basic_altar, st_stairs_11,
          uniq_louise
Snake:3:  layout_misc_corridors, grunt_ministairs_7, nicolae_snake_double_loop,
          nicolae_snake_serpentine_hallways, serial_bayou_pond_d,
          nicolae_snake_single_loop, nicolae_snake_biting_tails
Snake:4:  snake_pit_salamanders_mu, layout_cave_shapes, serial_shops,
          nicolae_shop_competitors_out_of_business, uniq_saint_roka
Slime:1:  layout_caves
Slime:2:  layout_caves
Slime:3:  cheibrodos_slime_lost_civilization_10, layout_caves
Slime:4:  cheibrodos_slime_lost_civilization_9, layout_caves
Slime:5
Orc:1:    layout_caves
Orc:2:    st_orc_rangers, layout_caves, basic_altar, uniq_erolcha
Elf:1:    minmay_elf_arrival_plus, layout_loops_corners,
          hangedman_elf_represent, grunt_megastairs_2
Elf:2:    layout_loops_ring, serial_shops, shop, minmay_misc_feat_cross,
          uniq_donald
Elf:3:    elf_hall, layout_geoelf_diagonals, basic_altar
Vaults:1: vaults_room_pool, v_misc_11, v_misc_25, nicolae_vaults_alarming,
          vaults_room_pool, nicolae_vaults_holding_cells, v_rooms_6,
          vaults_room_grid, v_alt_pattern_4, hangedman_vaults_trim,
          vaults_room_stairs_pillars, layout_vaults_ring, mu_enter_wizlab_3
Vaults:2: hangedman_vaults_restitches, vaults_standard_mumra_lines,
          nicolae_vaults_arrows, vaults_room_stairs_pillars, v_misc_32,
          v_misc_12, v_misc_17, ontoclasm_vaults_gateway,
          nicolae_vaults_triangles, vaults_room_fancy_cross, grunt_vaults_focal,
          vaults_room_grid, layout_vaults_omnibox, serial_shops, freezing_bzr
Vaults:3: ontoclasm_vaults_ring_square, v_misc_14,
          vaults_standard_mumra_enter_the_diamond,
          nicolae_vaults_bisected_slash, vaults_mumra_minichess,
          minmay_crypt_entry_skeletal_spiral, hangedman_vaults_stream,
          vaults_room_pools, hangedman_vaults_slice, layout_vaults_quadrants,
          serial_shops, nicolae_shop_behind_doors, serial_glass
Vaults:4: hangedman_vaults_nails, nicolae_vaults_rhombus_6,
          hangedman_vaults_slither, nicolae_vaults_network_quinsquares
          [nicolae_vaults_network_quincunx_subvault,
          nicolae_vaults_network_quincunx_subvault,
          nicolae_vaults_network_quincunx_subvault,
          nicolae_vaults_network_quincunx_subvault],
          nicolae_vaults_circle_grid_b, vaults_room_octagon,
          nicolae_vaults_big_ls, nicolae_vaults_little_ls,
          nicolae_vaults_little_squares_1, vaults_mumra_hexcomb, v_misc_9,
          layout_vaults_omnicross
Depths:1: layout_gridlike, enter_ziggurat_d, pf_dread_powers_of_hell,
          dk_noncrumbling_3, grunt_pan_entry_in_and_out, enter_trove_2,
          grunt_tower_of_power, serial_bayou_shore_b, minmay_shop_grove
Depths:2: grunt_twisty_corner, layout_cave_pools, glass_columns_a, pan_entry,
          hell_entry, uniq_enchantress
Depths:3: hangedman_grunt_twisty_little_passages, layout_basic,
          rand_demon_pan_entry_3, hell_entry, serial_shops,
          nicolae_shop_temple_entry_statues_fountains, shop, abyss_entry
Depths:4: mu_elephants_graveyard, layout_basic, grunt_mini_vestibule,
          serial_rivers, chequers_serial_rivers_marsh,
          chequers_serial_rivers_small_3, chequers_serial_rivers_micro_b,
          chequers_serial_rivers_room_a, abyss_entry, hangedman_decor_growths,
          minmay_protected_statue, serial_bayou_shore_b, uniq_mara
Depths:5: evilmike_zot_entry_diamond, layout_cave_shapes, hell_entry,
          fountainhead, serial_shops, shop_fountains, kennysheep_random_hallway
Zot:1:    layout_cathedral_of_symmetry, skrybe_zot_glass_2
Zot:2:    layout_gridlike, grunt_megastairs_1
Zot:3:    layout_basic
Zot:4:    layout_onion_interference, grunt_megastairs_4
Zot:5:    layout_misc_corridors

Skill      XL: |  1  2  3  4  5  6  7  8  9 10 11 12 13 14 15 16 17 18 19 20 21 22 23 24 25 26 27 |
---------------+----------------------------------------------------------------------------------+-----
Spellcasting   | 3 4 5 6 7 10 11 12 13 14 15 17 18 19 20 21 25 27 | 27.0
Stealth        | 2 3 0 |  0.0
Conjurations   | 4 5 6 8 9 10 11 12 13 14 | 14.0
Hexes          | 2 3 4 5 7 8 |  8.0
Fighting       | 3 6 8 10 11 13 14 15 17 18 21 22 | 22.2
Translocations | 3 5 |  5.0
Dodging        | 2 0 |  0.0
Shields        | 2 7 9 10 11 12 13 14 17 18 19 20 | 20.0
Transmutations | 5 6 |  6.0
Armour         | 4 6 8 10 | 10.0
Necromancy     | 3 7 9 11 | 11.7
Earth Magic    | 3 5 7 8 9 11 12 | 12.0
Fire Magic     | 4 |  4.0

Action                   |  1- 3 |  4- 6 |  7- 9 | 10-12 | 13-15 | 16-18 | 19-21 | 22-24 | 25-27 || total
-------------------------+-------+-------+-------+-------+-------+-------+-------+-------+-------++-------
Melee: Spear             |    13 |    16 |       |       |       |       |       |       |       ||    29
       Dagger            |     6 |       |       |       |       |       |       |       |       ||     6
       Rapier            |       |       |     9 |       |       |       |       |       |       ||     9
       Falchion          |       |       |    28 |    48 |       |       |       |       |       ||    76
       Staff             |       |       |       |       |   122 |    83 |   263 |   127 |    34 ||   629
       Short sword       |       |       |       |       |       |    19 |       |       |       ||    19
Throw: Dart              |       |       |       |     7 |       |       |       |     1 |       ||     8
 Cast: Magic Dart        |    62 |    62 |    79 |    59 |     8 |       |       |       |       ||   270
       Searing Ray       |    13 |    35 |    79 |   101 |    37 |       |       |       |       ||   265
       Fulminant Prism   |       |       |     5 |    53 |   107 |    16 |    17 |    11 |     4 ||   213
       Iskenderun's Myst |       |       |       |    50 |   142 |    52 |    57 |    37 |     6 ||   344
       Irradiate         |       |       |       |     1 |    39 |    56 |    54 |    84 |    23 ||   257
       Stone Arrow       |       |       |       |       |   321 |   462 |    85 |       |       ||   868
       Passwall          |       |       |       |       |     2 |       |       |       |       ||     2
       Borgnjor's Vile C |       |       |       |       |     7 |   135 |   171 |   137 |    90 ||   540
       Bolt of Magma     |       |       |       |       |       |    35 |   332 |   103 |    47 ||   517
       Iron Shot         |       |       |       |       |       |       |       |   363 |   138 ||   501
       Apportation       |       |       |       |       |       |       |       |       |     1 ||     1
Invok: Sacrifice Artific |       |       |     1 |       |       |       |       |       |       ||     1
       Sacrifice Stealth |       |       |       |     1 |       |       |       |       |       ||     1
       Sacrifice Resista |       |       |       |     1 |       |       |       |       |       ||     1
       Draw Out Power    |       |       |       |     2 |     7 |     8 |    15 |    10 |     4 ||    46
       Sacrifice Nimblen |       |       |       |     1 |       |       |       |       |       ||     1
       Apocalypse        |       |       |       |       |     3 |     5 |     1 |     4 |     5 ||    18
       Power Leap        |       |       |       |       |     3 |       |       |       |       ||     3
  Use: Scroll            |     4 |     4 |    12 |    12 |    13 |    25 |     8 |    14 |     9 ||   101
 Stab: Sleeping          |       |     1 |       |       |       |       |       |       |       ||     1
       Invisible         |       |       |       |     1 |     1 |       |     2 |     1 |       ||     5
       Paralysed         |       |       |       |       |     7 |     5 |       |       |       ||    12
       Distracted        |       |       |       |       |       |       |     1 |       |       ||     1
Armor: Robe              |     9 |    25 |    66 |   101 |   248 |     9 |       |       |       ||   458
       Leather armour    |       |       |       |       |       |   221 |   132 |       |       ||   353
       Ring mail         |       |       |       |       |       |       |    39 |    30 |       ||    69
       Acid dragon scale |       |       |       |       |       |       |       |   191 |   108 ||   299
Dodge: Dodged            |    24 |    19 |    96 |   111 |   224 |   163 |    97 |   127 |    46 ||   907
Block: Kite shield       |       |       |       |    22 |   339 |   238 |       |       |       ||   599
       Tower shield      |       |       |       |       |       |    51 |   767 |   822 |   324 ||  1964
       Rpst.: Falchion   |       |       |    19 |    32 |     1 |       |       |       |       ||    52

Table legend: (Time is in decaauts)
 A = Elapsed time spent in this place.
 B = Non-inter-level travel time spent in this place.
 C = Inter-level travel time spent in this place.
 D = Time resting spent in this place.
 E = Time spent auto-exploring this place.
 F = Levels seen in this place.
 G = Mean time per level.
                   A        B        C        D        E       F      G
               +--------+--------+--------+--------+--------+-----+--------+
         Total |  88375 |  81872 |   6503 |  14354 |  52847 |  60 | 1472.9 |
       Dungeon |  23888 |  21188 |   2700 |   2268 |  15187 |  15 | 1592.5 |
        Temple |     79 |     69 |     10 |      0 |     63 |   1 |   79.0 |
          Lair |  10759 |   9796 |    963 |   1503 |   6916 |   6 | 1793.2 |
         Swamp |   5342 |   5080 |    262 |    915 |   3518 |   4 | 1335.5 |
     Snake Pit |   8379 |   7832 |    547 |    555 |   5745 |   4 | 2094.8 |
    Slime Pits |   1682 |   1641 |     41 |   1092 |     77 |   5 |  336.4 |
  Orcish Mines |   3107 |   2728 |    379 |    336 |   1910 |   2 | 1553.5 |
   Elven Halls |   4925 |   4649 |    276 |    450 |   3567 |   3 | 1641.7 |
        Vaults |   9985 |   9446 |    539 |    290 |   7308 |   4 | 2496.2 |
        Depths |  12079 |  11442 |    637 |   2751 |   6609 |   5 | 2415.8 |
           Zot |   3710 |   3564 |    146 |   2217 |    577 |   5 |  742.0 |
        Bazaar |    256 |    256 |      0 |      0 |    246 |   1 |  256.0 |
         Trove |     68 |     68 |      0 |      0 |      0 |   1 |   68.0 |
       Ossuary |    593 |    593 |      0 |    237 |    175 |   1 |  593.0 |
        Bailey |    743 |    743 |      0 |    120 |    420 |   1 |  743.0 |
      Ice Cave |   1318 |   1318 |      0 |    847 |    185 |   1 | 1318.0 |
        Wizlab |   1455 |   1455 |      0 |    773 |    340 |   1 | 1455.0 |
               +--------+--------+--------+--------+--------+-----+--------+

Top non-repeatable levels by time:
Depths:1: 4681 daAuts
Depths:3: 4524 daAuts
Vaults:3: 3029 daAuts
 Snake:4: 2685 daAuts
   Zot:5: 2661 daAuts
    D:15: 2633 daAuts
 Snake:1: 2476 daAuts
  Lair:6: 2466 daAuts
Vaults:4: 2423 daAuts
   Elf:3: 2396 daAuts
Vaults:2: 2320 daAuts
    D:12: 2219 daAuts
Vaults:1: 2212 daAuts
   Orc:2: 2172 daAuts
  Lair:4: 2090 daAuts
